 Dungeon Crawl Stone Soup version 0.25-a0-589-g1e14c54 (webtiles) character file.

Game seed: 5069776766369522057, levelgen mode: deterministic

336 lonewolf12 the Shield-Bearer (level 6, 0/53 HPs)
             Began as a Minotaur Fighter on Mar 10, 2020.
             Slain by a scorpion (7 damage)
             ... on level 4 of the Dungeon.
             The game lasted 00:09:24 (2975 turns).

lonewolf12 the Shield-Bearer (Minotaur Fighter)     Turns: 2975, Time: 00:09:25

Health: 0/53       AC:  7    Str: 23    XL:     6   Next: 28%
Magic:  5/5        EV:  9    Int:  5    God:
Gold:   189        SH: 10    Dex:  9    Spells: 5/5 levels left

rFire    . . .     SeeInvis .   u - +2 spear (vorpal)
rCold    + . .     Gourm    .   c - +0 kite shield
rNeg     . . .     Faith    .   j - +1 ring mail {rC+}
rPois    .         Spirit   .   (helmet restricted)
rElec    .         Reflect  .   (no cloak)
rCorr    .         Harm     .   (no gloves)
MR       .....                  (no boots)
Stlth    ..........             (no amulet)
HPRegen  0.17/turn              (no ring)
MPRegen  0.09/turn              (no ring)

@: lethally poisoned (0 -> -9)
A: retaliatory headbutt, horns 2
a: no special abilities


You were on level 4 of the Dungeon.
You were not hungry.

You visited 1 branch of the dungeon, and saw 4 of its levels.

You collected 189 gold pieces.

Inventory:

Hand Weapons
 a - a +0 war axe
 q - a +3 short sword of protection
 u - a +2 vorpal spear (weapon)
Missiles
 r - 2 poisoned darts (quivered)
Armour
 b - a +0 scale mail
 c - a +0 kite shield (worn)
 j - a +1 ring mail of cold resistance (worn)
 n - a +0 ring mail
Wands
 m - a wand of random effects (38)
 o - a wand of disintegration (9)
 w - a wand of digging (4)
Scrolls
 g - a scroll of random uselessness {unknown}
 h - a scroll of enchant weapon
 p - 3 scrolls of remove curse
 s - 5 scrolls of identify
 x - a scroll of enchant armour {unknown}
 y - a scroll of amnesia
Potions
 d - a potion of might
 e - a potion of flight {unknown}
 i - 2 potions of curing {unknown}
 k - 2 potions of lignification {unknown}
 l - 2 potions of heal wounds
 t - a potion of resistance {unknown}
 v - a potion of magic {unknown}
 A - a potion of ambrosia {unknown}
Comestibles
 f - 4 rations


   Skills:
 + Level 4.6 Fighting
 + Level 2.7 Short Blades
 + Level 3.6 Axes
 + Level 5.0 Armour
 + Level 2.0 Dodging
 + Level 0.1 Stealth
 + Level 5.1 Shields


You had 5 spell levels left.
You didn't know any spells.
Your spell library was empty.

Dungeon Overview and Level Annotations

Branches:
Dungeon (4/15)
 Temple: D:4-7

Altars:
Sif Muna
Wu Jian


Innate Abilities, Weirdness & Mutations

You reflexively headbutt those who attack you in melee.
You have a pair of horns on your head.


Message History

You block the scorpion's attack. The leopard gecko bites you.
* * * LOW HITPOINT WARNING * * *
Unknown command.
Attack whom?
Press: ? - help, Dir - move target cursor, f/p - scorpion
Aim: a scorpion (heavily wounded)
You hit the scorpion but do no damage.
The scorpion is heavily wounded.
* * * LOW HITPOINT WARNING * * *
You feel sick. You block the scorpion's attack.
The leopard gecko barely misses you.
Unknown command.
Attack whom?
Press: ? - help, Dir - move target cursor, f/p - scorpion
Aim: a scorpion (heavily wounded)
You closely miss the scorpion.
The scorpion is heavily wounded.
* * * LOW HITPOINT WARNING * * *
You feel sick. The scorpion stings you!
You die...

..#............#......
..'............#.....
.# ..#............#....
..# ######...##'####..#
... #
#...##..###..##.## .
.....#............# .#
......#............# .#
......#.....%sl....#
.#.......+......@.....#
#............#
##..###....### ####
#....# #.....+ #.....#
##...## ####


You could see a scorpion and a leopard gecko.

Vanquished Creatures
  Eustachio (D:4)
  2 orc priests (D:3)
  3 gnolls (D:4)
  5 adders
  4 worms
  A dart slug (D:1)
  A leopard gecko (D:1)
  8 orcs (D:3)
  4 bats
  A giant cockroach (D:2)
  6 hobgoblins
  2 jackals (D:2)
  4 kobolds
  2 quokkas
  3 ball pythons (D:1)
  5 frilled lizards
  6 goblins
  7 rats
65 creatures vanquished.

Notes
Turn   | Place    | Note
-------+----------+-------------------------------------------
     0 | D:1      | lonewolf12 the Minotaur Fighter began the quest for the
                  | Orb.
     0 | D:1      | Reached XP level 1. HP: 19/19 MP: 0/0
   192 | D:1      | Reached XP level 2. HP: 27/27 MP: 1/1
   739 | D:2      | Reached XP level 3. HP: 32/33 MP: 2/2
  1361 | D:2      | Found an ornate altar of the Wu Jian Council.
  1583 | D:3      | Reached XP level 4. HP: 18/40 MP: 3/3
  1682 | D:3      | Reached skill level 1 in Short Blades
  1682 | D:3      | Reached skill level 1 in Dodging
  1866 | D:3      | Reached XP level 5. HP: 44/46 MP: 4/4
  2020 | D:3      | Found a shimmering blue altar of Sif Muna.
  2489 | D:4      | Noticed Eustachio
  2559 | D:4      | Killed Eustachio
  2559 | D:4      | Reached skill level 5 in Shields
  2559 | D:4      | Reached XP level 6. HP: 42/53 MP: 5/5
  2972 | D:4      | Reached skill level 5 in Armour
  2975 | D:4      | Slain by a scorpion

Levels and vault maps discovered:
D:1:      ebering_trefoil_3fold, layout_loops_ring, palyth_stone_intersect,
          minmay_pentomino_t4
D:2:      layout_basic, overflow_temple_1_default
D:3:      layout_basic, old_standard_altar, serial_bayou_pond_d
D:4:      layout_gridville, uniq_eustachio

Skill      XL: |  1  2  3  4  5  6 |
---------------+-------------------+-----
Shields        | 4 5 |  5.1
Axes           | 3 |  3.6
Armour         | 4 5 |  5.0
Fighting       | 4 |  4.6
Short Blades   | 1 2 |  2.7
Dodging        | 1 2 |  2.0
Stealth        | |  0.1

Action                   |  1- 3 |  4- 6 || total
-------------------------+-------+-------++-------
Melee: War axe           |    57 |       ||    57
       Headbutt          |    17 |    27 ||    44
       Short sword       |    34 |   136 ||   170
       Spear             |       |    16 ||    16
  Use: Scroll            |       |     5 ||     5
       Potion            |       |     1 ||     1
  Eat: Chunk             |     2 |     5 ||     7
Armor: Scale mail        |    15 |       ||    15
       Ring mail         |    20 |    81 ||   101
Dodge: Dodged            |    37 |    61 ||    98
Block: Kite shield       |    57 |   103 ||   160

Table legend:
 A = Non-vault XP
 B = Vault XP
 C = Vault XP percentage of total XP
 D = Non-vault monster count
 E = Vault monster count
 F = Vault count percentage of total count
                 A         B        C        D         E       F
            +---------+---------+-------+---------+---------+-------
      Total |     301 |     179 |  37.3 |      62 |       3 |   4.6
            +---------+---------+-------+---------+---------+-------
        D:1 |      25 |       3 |  10.7 |      16 |       2 |  11.1
        D:2 |      51 |       0 |   0.0 |      14 |       0 |   0.0
        D:3 |     156 |       0 |   0.0 |      25 |       0 |   0.0
        D:4 |      69 |     176 |  71.8 |       7 |       1 |  12.5
            +---------+---------+-------+---------+---------+-------
